 Dungeon Crawl Stone Soup version 0.22-a0-274-gf8199ec (webtiles) character file.

17 Amnesiac the Magician (level 2, -2/19 HPs)
             Began as a Mummy Wizard on Mar 14, 2018.
             Slain by a jackal (3 damage)
             ... on level 1 of the Dungeon.
             The game lasted 00:00:56 (520 turns).

Amnesiac the Magician (Mummy Wizard)                 Turns: 520, Time: 00:00:57

Health: -2/19      AC:  2    Str: 10    XL:     2   Next: 44%
Magic:  1/7        EV: 12    Int: 17    God:
Gold:   16         SH:  0    Dex: 10    Spells: 5/10 levels left

rFire    x . .     SeeInvis .   e - +0 hunting sling
rCold    + . .     Gourm    .   (no shield)
rNeg     + + +     Faith    .   a - +0 robe
rPois    ∞         Spirit   .   b - +0 hat
rElec    .         Reflect  .   (no cloak)
rCorr    .         Harm     .   (no gloves)
MR       .....                  (no boots)
Stlth    ++........             (no amulet)
HPRegen  0.06/turn              (no ring)
MPRegen  0.10/turn              (no ring)

@: very slightly contaminated
A: no food or potions, fire vulnerability, cold resistance 1, negative energy
resistance 3, torment resistance, unbreathing
a: no special abilities


You were on level 1 of the Dungeon.
You were not hungry.

You visited 1 branch of the dungeon, and saw 1 of its levels.

You collected 16 gold pieces.

Inventory:

Hand Weapons
 e - a +0 hunting sling (weapon)
Missiles
 c - 9 poisoned needles
 f - 8 stones (quivered)
Armour
 a - a +0 robe (worn)
 b - a +0 hat (worn)
Scrolls
 d - a scroll of identify {!r, unknown}


   Skills:
 - Level 1.5 Dodging
 - Level 1.5 Stealth
 - Level 4.5 Spellcasting
 + Level 1.5 Conjurations
 - Level 0.7 Summonings
 - Level 0.7 Translocations


You had 5 spell levels left.
You knew the following spells:

 Your Spells              Type           Power        Failure   Level  Hunger
a - Magic Dart            Conj           #...         9%          1    N/A
b - Call Imp              Summ           #.......     17%         2    N/A
v - Blink                 Tloc           N/A          17%         2    N/A

Dungeon Overview and Level Annotations

Branches:
Dungeon (1/15)

Altars:


Innate Abilities, Weirdness & Mutations

You do not eat or drink.
Your flesh is vulnerable to fire.
You are immune to poison.
Your flesh is cold resistant. (rC+)
You are immune to negative energy. (rN+++)
You are immune to unholy pain and torment.
You can survive without breathing.


Message History

Aim: a jackal (moderately wounded)
You shoot a stone. The stone hits the jackal.
The jackal is heavily wounded.
The jackal barely misses you.
The giant cockroach bites you but does no damage.
The jackal bites you but does no damage.
Firing (i - inventory)
f - 14 stones (quivered)
Press: ? - help, Shift-Dir - straight line, f/p - jackal
Aim: a jackal (heavily wounded)
You shoot a stone. The stone closely misses the jackal.
The stone barely misses the giant cockroach.
The jackal bites you. x2
* * * LOW HITPOINT WARNING * * *
Firing (i - inventory)
f - 13 stones (quivered)
Press: ? - help, Shift-Dir - straight line, f/p - jackal
Aim: a jackal (moderately wounded)
You shoot a stone. The stone closely misses the jackal.
The stone closely misses the giant cockroach.
The jackal closely misses you.
Firing (i - inventory)
f - 12 stones (quivered)
Press: ? - help, Shift-Dir - straight line, f/p - jackal
Aim: a jackal (moderately wounded)
You shoot a stone. The stone closely misses the jackal.
The stone closely misses the giant cockroach.
The jackal misses you.
The jackal bites you but does no damage.
Firing (i - inventory)
f - 11 stones (quivered)
Press: ? - help, Shift-Dir - straight line, f/p - jackal
Aim: a jackal (moderately wounded)
You shoot a stone. The stone hits the jackal.
The jackal is severely wounded.
The jackal bites you.
* * * LOW HITPOINT WARNING * * *
The jackal bites you but does no damage.
Firing (i - inventory)
f - 10 stones (quivered)
Press: ? - help, Shift-Dir - straight line, f/p - jackal
Aim: a jackal (severely wounded)
You shoot a stone. The stone hits the jackal.
The jackal is almost dead.
The jackal misses you.
Firing (i - inventory)
f - 9 stones (quivered)
Press: ? - help, Shift-Dir - straight line, f/p - jackal
Aim: a jackal (almost dead)
You shoot a stone.
The stone hits the jackal but does no damage.
The jackal is almost dead.
The jackal bites you.
* * * LOW HITPOINT WARNING * * *
The jackal bites you.
* * * LOW HITPOINT WARNING * * *
You are too injured to fight recklessly!
You are too injured to fight recklessly!
You are too injured to fight recklessly!
You are too injured to fight recklessly!
You are too injured to fight recklessly!
Casting: Magic Dart (safe; 9% risk of failure)
Confirm with . or Enter, or press ? or * to list all spells.
Aiming: Magic Dart (safe; 9% risk of failure)
Press: ? - help, Shift-Dir - straight line, f/p - jackal
Aim: a jackal (almost dead)
The magic dart hits the jackal.
The jackal is almost dead.
The jackal bites you.
You die...

###.# ###.######
.........# .#
####.....# #.#
#.....# #.####
####.....# #....
.##......###..####
.##.#.....##.....# #
............#.##@#.#
#+#+#+#+#+#÷#.##h#.#
# #.....s(.# #
#..###(### # #.##
#((†..... #+ #..
.(#####.. .... ..#
##.# #.#. #### #(#
#.# #.#


You could see a jackal and a giant cockroach.

Vanquished Creatures
  2 leopard geckos (D:1)
  4 bats (D:1)
  A goblin (D:1)
  A jackal (D:1)
  A kobold (D:1)
  A ball python (D:1)
  5 rats (D:1)
15 creatures vanquished.

Notes
Turn   | Place    | Note
-------+----------+-------------------------------------------
     0 | D:1      | Amnesiac the Mummy Wizard began the quest for the Orb.
     0 | D:1      | Reached XP level 1. HP: 13/13 MP: 5/5
    12 | D:1      | Reached skill level 1 in Conjurations
   269 | D:1      | Reached XP level 2. HP: 19/19 MP: 7/7
   280 | D:1      | Learned a level 2 spell: Blink
   283 | D:1      | Learned a level 2 spell: Call Imp
   520 | D:1      | Slain by a jackal

Vault maps used:
D:1:      co_arrival_random_square_maze, minmay_rat_gold_closets

Skill      XL: |  1 |
---------------+----+-----
Conjurations   | 1 |  1.5
Dodging        | |  1.5
Stealth        | |  1.5
Spellcasting   | |  4.5
Summonings     | |  0.7
Translocations | |  0.7

Action                   || total
-------------------------++-------
 Fire: Hunting sling     ||    34
 Cast: Magic Dart        ||    24
Armor: Robe              ||    11
Dodge: Dodged            ||    37

Table legend:
 A = Spawn XP
 B = Non-spawn XP
 C = Spawn XP percentage of total XP
 D = Spawn monster count
 E = Non-spawn monster count
 F = Spawn count percentage of total count
 G = Total turns spent on level
                    A         B        C        D         E        F      G
               +---------+---------+-------+---------+---------+-------+---------
         Total |       0 |      25 |   0.0 |       0 |      15 |   0.0 |   520
               +---------+---------+-------+---------+---------+-------+---------
           D:1 |       0 |      25 |   0.0 |       0 |      15 |   0.0 |   520
               +---------+---------+-------+---------+---------+-------+---------
